Map: Blackburn LE

Players

Moon

  • Race: Zerg Zerg
  • League: Diamond
  • Spawn Location: 5:00

Pumba - Winner!

  • Race: Zerg Zerg
  • League: Diamond
  • Spawn Location: 7:00

VOD

Have the link to the VOD?

Description

Time

  • Played on: Aug. 17, 2021, 6:33 p.m.
  • Length: 5:05
Show
View Real Time Build Order
Export as new Build Order

Moon Zerg 

Build Orders: Hatch First 

Get SALT Encoding   

  12  0:02  Drone  
  13  0:12  Overlord  
  13  0:18  Drone  
  14  0:31  Drone x2  
  16  0:52  Drone  
  16  0:56  Drone  
  18  0:58  Hatchery  
  18  0:59  Drone  
  18  1:11  Extractor  
  17  1:16  Spawning Pool  
  16  1:18  Drone  
  16  1:22  Drone  
  18  1:29  Drone  
  19  1:49  Drone, Hatchery  
  19  1:57  Overlord  
  19  2:07  Zergling x2  
  20  2:10  Zergling x2  
  20  2:13  Metabolic Boost  
  21  2:18  Zergling x2  
  22  2:24  Queen  
  22  2:28  Zergling x2  
  25  2:37  Queen  
  27  2:45  Zergling x4  
  27  2:48  Drone  
  30  3:01  Drone x4  
  34  3:11  Zergling x2  
  34  3:12  Zergling x4  
  36  3:25  Drone x2  
  36  3:26  Overlord x2  
  38  3:43  Roach Warren  
  38  3:44  Drone x2  
  38  3:45  Drone x3  
  43  3:48  Drone  
  43  3:54  Zergling x2  
  44  3:59  Spine Crawler  
  44  4:00  Spine Crawler  
  41  4:10  Zergling x6  
  41  4:11  Zergling x4  
  41  4:14  Zergling x2  
  41  4:15  Zergling x2  
  39  4:30  Zergling x10  
  25  4:42  Zergling x4  
Show
View Real Time Build Order
Export as new Build Order

Pumba Zerg - Winner!

Build Orders: Pool First, Zergling Baneling 

Get SALT Encoding   

  12  0:01  Drone  
  13  0:13  Overlord  
  13  0:17  Drone  
  14  0:31  Drone  
  14  0:32  Drone  
  16  0:38  Drone  
  17  0:45  Spawning Pool  
  17  0:48  Drone  
  17  1:06  Drone  
  18  1:12  Hatchery  
  17  1:20  Drone, Extractor  
  17  1:21  Drone  
  18  1:31  Drone  
  18  1:32  Queen  
  19  1:39  Overlord  
  21  1:53  Zergling x2  
  22  2:08  Queen  
  22  2:11  Drone, Spine Crawler  
  24  2:20  Metabolic Boost  
  24  2:23  Drone x2  
  27  2:39  Drone x2  
  29  2:46  Drone x2  
  29  2:47  Drone x2  
  29  2:50  Hatchery  
  32  2:56  Overlord  
  32  3:08  Zergling x4  
  32  3:09  Zergling x2, Baneling Nest  
  34  3:20  Overlord  
  34  3:22  Zergling x8  
  38  3:31  Zergling x8  
  42  3:43  Zergling x6  
  45  3:51  Zergling x2  
  45  3:52  Zergling x10  
  51  3:55  Baneling x2  
  51  3:57  Baneling  
  51  4:00  Baneling x3  
  51  4:01  Baneling x2  
  50  4:13  Overlord  
  50  4:14  Zergling x8  
  50  4:16  Baneling  
  50  4:37  Zergling x18  
  54  4:50  Baneling  
Tags
 
Add a new tag
Caveats
  • Supply blocks, unpowered buildings, or Contaminate may cause inaccurate times.
  • Supply counts are checked every 10 seconds.